 Dungeon Crawl Stone Soup version 0.26-a0-610-g3e9335bbc7 (webtiles) character file.

Game seed: 7364383023572591427

112195 bauhaus the Fighter (level 16, -5/171 HPs)
             Began as an Ogre Ice Elementalist on Sept 3, 2020.
             Was the Champion of Ashenzari.
             Killed from afar by a shock serpent (30 damage)
             ... with a bolt of electricity
             ... on level 1 of the Snake Pit.
             The game lasted 01:21:45 (36190 turns).

bauhaus the Fighter (Ogre Ice Elementalist)        Turns: 36190, Time: 01:21:45

Health: -5/171     AC:  8    Str: 16    XL:     16   Next: 59%
Magic:  19/31      EV: 19    Int: 30    God:    Ashenzari [******]
Gold:   2613       SH:  5    Dex: 18    Spells: 3/38 levels left

rFire    + . .     SeeInvis +   P - +11 great mace of Light {flame, Dex+3} (curse)
rCold    + + .     Faith    .   (shield currently unavailable)
rNeg     + . .     Spirit   .   p - +2 robe {rC+ rF+} (curse)
rPois    +         Reflect  +   H - +0 hat "Lienemm" {Rampage Dex+5} (curse)
rElec    .         Harm     .   C - +2 ratskin cloak {*Rats rPois rN+ Str-1 Int-1 Dex+1} (curse)
rCorr    .         Clarity  +   (gloves unavailable)
MR       +....     NoTele   +   (boots unavailable)
Stlth    +++.......             d - amulet of reflection (curse)
HPRegen  0.38/turn              M - ring of the Commoners {+Inv +Fly rC+ Int+5} (curse)
MPRegen  0.22/turn              u - +6 ring of intelligence (curse)

@: lethally poisoned (-5 -> -5), cannot translocate, very slightly contaminated
A: large, unfitting armour, tough skin 1
a: Curse Item, Scrying, Transfer Knowledge, Renounce Religion, Evoke
Invisibility, Evoke Flight


You were on level 1 of the Snake Pit.
You worshipped Ashenzari.
Ashenzari was exalted by your worship.
You visited 5 branches of the dungeon, and saw 25 of its levels.
You also visited: Gauntlet and Ice Cave.

You collected 3158 gold pieces.
You spent 545 gold pieces at shops.

Inventory:

Hand Weapons
 P - the cursed +11 great mace of Light (weapon) {flame, Dex+3}
   (You took it off an ettin on level 14 of the Dungeon)

   It has been specially enchanted to burn those struck by it, causing extra
   injury to most foes and up to half again as much damage against particularly
   susceptible opponents.
   It affects your dexterity (+3).
   It has a curse placed upon it.
Missiles
 w - 17 javelins
 J - 21 large rocks (quivered)
Armour
 p - a cursed +2 robe of resistance (worn)
 A - a +0 cloak of preservation
 C - the cursed +2 ratskin cloak (worn) {*Rats rPois rN+ Str-1 Int-1 Dex+1}
   (You found it on level 5 of the Dungeon)

   It affects your strength (-1).
   It affects your intelligence (-1).
   It affects your dexterity (+1).
   It protects you from poison.
   It protects you from negative energy.
   It has a curse placed upon it.
 H - the cursed +0 hat "Lienemm" (worn) {Rampage Dex+5}
   (You found it in a Gauntlet)

   It affects your dexterity (+5).
   It bestows one free step when moving towards enemies.
   It has a curse placed upon it.
Jewellery
 d - a cursed amulet of reflection (around neck)
 u - a cursed +6 ring of intelligence (right hand)
 M - the cursed ring of the Commoners (left hand) {+Inv +Fly rC+ Int+5}
   (You found it on level 8 of the Dungeon)

   [ring of flight]

   It affects your intelligence (+5).
   It protects you from cold.
   It lets you turn invisible.
   It lets you fly.
   It has a curse placed upon it.
 Q - the ring of Equilibrium {rElec rC+ MR+++ Str-2 Stlth+}
   (You found it in an ice cave)

   [ring of protection from cold]

   It affects your strength (-2).
   It protects you from cold.
   It insulates you from electricity.
   It affects your resistance to hostile enchantments.
   It makes you more stealthy.
Wands
 a - a wand of paralysis (11)
 k - a wand of digging (1)
 E - a wand of acid (53)
 I - a wand of enslavement (20)
 U - a wand of iceblast (7)
 V - a wand of polymorph (10)
Scrolls
 c - 11 scrolls of teleportation
 e - 4 scrolls of immolation
 f - 9 scrolls of remove curse
 n - 6 scrolls of enchant armour
 q - 3 scrolls of fog
 r - 8 scrolls of fear
 s - 3 scrolls of blinking
 t - 3 scrolls of magic mapping
 v - 3 scrolls of enchant weapon
 x - 7 scrolls of identify
 y - 3 scrolls of amnesia
 O - a scroll of silence
 R - a scroll of holy word
 X - 3 scrolls of vulnerability
Potions
 b - 5 potions of curing
 h - 8 potions of lignification
 i - 4 potions of might
 j - a potion of invisibility
 l - 3 potions of ambrosia
 m - 5 potions of flight
 o - 3 potions of mutation
 z - 2 potions of heal wounds
 B - 2 potions of cancellation
 D - 4 potions of haste
 G - a potion of magic
 K - 6 potions of stabbing
 L - 2 potions of berserk rage
 Y - 2 potions of brilliance
Miscellaneous
 F - a condenser vane (2/2)
 N - a box of beasts (3/3)
 W - a phial of floods


   Skills:
 + Level 13.9 Fighting
   Level 1.1 Long Blades
 - Level 9.9(15.4) Maces & Flails
 - Level 7.9(12.4) Dodging
 - Level 1.4(4.3) Stealth
 - Level 11.7 Spellcasting
 - Level 3.8(8.0) Conjurations
 - Level 9.2(13.5) Summonings
 - Level 6.1(10.6) Translocations
 - Level 9.0(13.3) Ice Magic
 - Level 10.0(14.3) Air Magic
 - Level 9.1(13.4) Evocations


You had 3 spell levels left.
You knew the following spells:

 Your Spells              Type           Power        Failure   Level
a - Freeze                Ice            ####         0%          1
b - Frozen Ramparts       Ice            ######       1%          3
c - Ozocubu's Armour      Ice            #######.     1%          3
d - Summon Ice Beast      Ice/Summ       #######.     1%          4
e - Airstrike             Air            #######...   1%          4
f - Swiftness             Air            #######.     0%          2
g - Lightning Bolt        Conj/Air       ######....   1%          5
h - Passage of Golubria   Tloc           N/A          1%          4
i - Malign Gateway        Summ/Tloc      ######....   17%         7
j - Blink                 Tloc           N/A          1%          2

Your spell library contained the following spells:

 Spells                   Type           Power        Failure   Level
 Call Imp                 Summ           #######.     0%          2
 Magic Dart               Conj           ####         1%          1
 Shock                    Conj/Air       ####         1%          1
 Corpse Rot               Necr/Air       N/A          1%          2
 Searing Ray              Conj           ######       1%          2
 Conjure Flame            Conj/Fire      #####...     1%          3
 Dazzling Flash           Conj/Hex       #####.       1%          3
 Mephitic Cloud           Conj/Pois/Air  ######..     1%          3
 Portal Projectile        Hex/Tloc       ######       1%          3
 Static Discharge         Conj/Air       ######..     1%          3
 Teleport Other           Tloc           ######..     1%          3
 Slow                     Hex            ###.....     3%          2
 Sublimation of Blood     Necr           ###.......   3%          2
 Hailstorm                Conj/Ice       ######..     1%          4
 Iskenderun's Mystic Bla  Conj/Tloc      ######..     1%          4
 Fulminant Prism          Conj/Hex       #####.....   4%          4
 Dispel Undead            Necr           ###.....     22%         4
 Agony                    Necr           ###.....     52%         5
 Excruciating Wounds      Necr           ###.......   52%         5


Dungeon Overview and Level Annotations

Branches:
Dungeon (15/15)            Temple (1/1) D:4            Lair (6/6) D:11
  Swamp (0/4) Lair:2        Snake (1/4) Lair:3        Slime (0/5) Lair:6
    Orc (2/2) D:10            Elf (0/3) Orc:2        Vaults (0/5) D:13
 Depths (0/5) D:15          IceCv (visited)         Gauntlet (visited)

Altars:
Ashenzari
Cheibriados
Dithmenos
Fedhas
Gozag
Nemelex Xobeh
Ru
Sif Muna
Trog
Wu Jian
Xom
Yredelemnul

Shops:
D:14 ?   Orc:2 ???*


Innate Abilities, Weirdness & Mutations

You are too large for most types of armour.
You have tough skin. (AC +1)


Message History

You are very lightly contaminated with residual magic.
Space warps crazily around you. Magic courses through your body.
The shock serpent bites your river rat but does no damage.
Your river rat bites the shock serpent.
The shock serpent bites your river rat.
The shock serpent shocks your river rat!
Your river rat dies!
Casting: Malign Gateway (dangerous; 17% risk of failure)
Confirm with . or Enter, or press ? or * to list all spells.
The dungeon shakes, a horrible noise fills the air, and a portal to some otherworldly place is opened!
You feel sick.
A naga warrior comes into view. It is wielding a +2 trident of pain.
The naga warrior shouts!
The shock serpent shoots out a bolt of lightning at you!
The bolt of electricity hits you!!
* * * LOW HITPOINT WARNING * * *
A river rat scurries out from under your cloak.
The shock serpent shoots out a bolt of lightning at you!
The bolt of electricity hits you!!
You die...

* ###.).)....... , ,, ,
* ##.)...####...# * , ,
, *, #..#.<.# ,, # * , ,
.#######.##### * , * ,
,, , ..$... #.###### *
,, ,*,, ...{. #......##
* , * * ....##rw.....##*
* ,,* ,, **
**#..#.......!#N,, ***
,** ,###
#.....@.......,, **
,***,#...#.S.†###.....#*
, , ,
,S.....#...##.###..* ,*
* **#......(...#.## ,,,
** ######.......... ,,,
*** ***** *
#...!..###.,, , , , , ,,
,{* #..)#..#* ,,,* * , ,
, **,, ,** #.##......* *
,, , ,* , .. .####.,, ,
* ,, ,


You could see a naga warrior, a shock serpent, a friendly eldritch tentacle and
a friendly river rat.

Vanquished Creatures
  Agnes (D:15)
  A frost giant (IceCv)
  The ghost of Xonnam the Unseen, an adept KoGl of Dithmenos (D:14)
  A minotaur (Gauntlet)
  An ettin (D:14)
  2 fire dragons
  An ice dragon (Lair:6)
  A rakshasa (D:14)
  6 hydras
  A naga warrior (Snake:1)
  Erica (D:9)
  9 two-headed ogres
  4 centaur warriors
  An ogre mage (Orc:2)
  5 death yaks
  Urug (Lair:5)
  A shock serpent (Lair:3)
  A wretched star (Gauntlet)
  2 deep trolls (Orc:2)
  An unseen horror (shapeshifter) (D:15)
  An unseen horror (D:14)
  An orc knight (D:13)
  An orc sorcerer (Orc:1)
  2 lindwurms (Lair:6)
  6 oklob plants
  3 deep elf magi
  2 salamanders
  2 cyclopes
  3 ugly things
  2 manticores (D:14)
  8 elephants
  Maurice (D:11)
  8 black mambas
  An ice statue (IceCv)
  2 centaur skeletons
  4 torpor snails (Lair:6)
  2 gargoyles
  3 cane toads
  8 komodo dragons
  A yaktaur (D:15)
  3 kobold demonologists (D:14)
  An efreet (D:15)
  A rime drake (Lair:4)
  8 hornets
  9 polar bears
  2 tyrant leeches (Lair:6)
  9 trolls
  3 nameless horrors
  2 slime creatures (D:15)
  8 hippogriffs
  7 blink frogs
  12 spriggans (Lair:2)
  A vampire (D:9)
  A shadow (D:13)
  Sigmund (D:2)
  A water elemental (D:15)
  A wyvern (D:13)
  2 wraiths (D:15)
  A large abomination (Gauntlet)
  47 yaks
  2 steam dragons
  4 vampire mosquitoes
  2 wargs (Orc:2)
  3 nagas (Snake:1)
  A swamp worm (Lair:2)
  8 water moccasins
  5 small abominations (Gauntlet)
  3 ice beasts
  10 porcupines
  A sky beast (D:8)
  A black bear (D:7)
  4 necrophages
  8 orc warriors
  A phantom (D:8)
  14 centaurs
  14 wolves (IceCv)
  17 ogres
  4 eyes of draining
  11 crocodiles
  2 big kobolds
  22 bullfrogs
  A wyvern zombie (D:7)
  A wyvern skeleton (D:11)
  4 scorpions
  A water moccasin skeleton (D:4)
  8 wights
  64 killer bees
  An electric eel (Lair:1)
  A howler monkey (D:11)
  4 bullfrog zombies
  3 centaur zombies
  8 orc priests
  Crazy Yiuf (D:2)
  5 hounds
  15 jellies
  7 orc wizards
  Jessica (D:2)
  2 bullfrog skeletons
  6 iguanas
  Ijyb (D:3)
  Natasha (thrice) (D:2)
  4 hell rats
  12 worker ants
  A mummy (D:11)
  A hound skeleton (D:8)
  A hound zombie (D:10)
  A howler monkey zombie (D:4)
  2 worker ant zombies
  15 adders
  6 river rats
  2 shadow imps
  4 ufetubi
  11 oozes
  3 adder zombies
  2 adder skeletons
  5 worms
  3 dart slugs
  5 leopard geckos
  44 orcs
  A ball python (D:1)
  3 giant cockroaches
  18 hobgoblins
  9 jackals
  16 kobolds
  2 quokkas
  4 bats
  5 frilled lizards
  7 goblins
  A leopard gecko skeleton (D:9)
  A quokka zombie (D:6)
  24 rats
710 creatures vanquished.

Vanquished Creatures (collateral kills)
  Rupert (D:14)
  Gastronok (Lair:1)
  An ettin (Orc:1)
  A fire dragon (D:13)
  2 ogre magi
  A naga warrior (Lair:3)
  Erolcha (D:9)
  The ghost of hemabe71 the Sneak, a journeyman HuAr of Trog (D:11)
  13 two-headed ogres
  4 death yaks
  A phantasmal warrior (D:13)
  An ugly thing (D:7)
  A salamander (Snake:1)
  3 cyclopes
  5 elephants
  A salamander (shapeshifter) (D:13)
  Maggie (D:7)
  A cane toad (Lair:4)
  A torpor snail (Lair:6)
  A komodo dragon (Lair:6)
  A large abomination (Gauntlet)
  2 hornets (Lair:6)
  Grinder (D:3)
  8 trolls
  A slime creature (D:8)
  A tyrant leech (Lair:6)
  11 blink frogs
  2 hippogriffs
  A neqoxec (Gauntlet)
  26 yaks
  2 vampire mosquitoes
  A naga (Lair:3)
  A warg (Orc:1)
  The ghost of nj0rd12 the Chiller, an amateur GrIE (D:3)
  A floating eye (Lair:5)
  A porcupine (Lair:4)
  An eye of draining (D:8)
  18 ogres
  A phantom (D:7)
  A centaur (D:11)
  2 crocodiles
  A bullfrog (Lair:1)
  5 wights
  A nameless horror (D:3)
  2 orcs (Orc:1)
  A bat (D:3)
  A quokka (D:11)
137 creatures vanquished.

Vanquished Creatures (others)
  14 eldritch tentacles
  5 polar bears (IceCv)
  2 water elementals (D:15)
  A centaur (D:12)
  2 electric eels (D:15)
  3 demonic plants (Gauntlet)
  32 fungi
  50 plants
  2 withered plants (D:3)
111 creatures vanquished.

Grand Total: 958 creatures vanquished

Notes
Turn   | Place    | Note
-------+----------+-------------------------------------------
     0 | D:1      | bauhaus the Ogre Ice Elementalist began the quest for the
                  | Orb.
     0 | D:1      | Reached XP level 1. HP: 16/16 MP: 3/3
   162 | D:1      | Reached XP level 2. HP: 24/24 MP: 0/5
  1003 | D:1      | Reached XP level 3. HP: 31/31 MP: 6/6
  1256 | D:2      | Learned a level 3 spell: Frozen Ramparts
  1296 | D:2      | Reached skill level 5 in Ice Magic
  1296 | D:2      | Reached XP level 4. HP: 39/39 MP: 4/7
  1432 | D:2      | Found a sacrificial altar of Ru.
  1479 | D:2      | Found a runed translucent door.
  1480 | D:2      | Noticed Crazy Yiuf
  1574 | D:2      | Killed Crazy Yiuf
  1752 | D:2      | Reached XP level 5. HP: 42/45 MP: 8/8
  1772 | D:2      | Noticed Sigmund
  1796 | D:1      | Learned a level 3 spell: Ozocubu's Armour
  1815 | D:2      | Killed Sigmund
  1815 | D:2      | Reached XP level 6. HP: 43/53 MP: 2/13
  1955 | D:2      | Noticed Natasha
  1961 | D:2      | Killed Natasha
  1961 | D:2      | Reached skill level 5 in Spellcasting
  2009 | D:2      | Learned a level 4 spell: Summon Ice Beast
  2090 | D:2      | Noticed Jessica
  2097 | D:2      | Killed Jessica
  2320 | D:2      | Noticed Natasha
  2328 | D:2      | Killed Natasha
  2328 | D:2      | Reached skill level 1 in Summonings
  2350 | D:2      | Noticed Natasha
  2355 | D:2      | Killed Natasha
  2515 | D:3      | Noticed Ijyb
  2522 | D:3      | Killed Ijyb
  2524 | D:3      | Noticed an orc warrior
  2541 | D:3      | Killed an orc warrior
  2541 | D:3      | Reached XP level 7. HP: 59/59 MP: 0/14
  3087 | D:3      | Noticed Grinder
  3129 | D:3      | Paralysed by Grinder for 3 turns
  3136 | D:3      | Found a runed translucent door.
  3136 | D:3      | Noticed nj0rd12's ghost (amateur GrIE)
  3147 | D:3      | Killed Grinder
  3695 | D:3      | Noticed a nameless horror
  3699 | D:3      | Killed a nameless horror
  3856 | D:3      | Killed nj0rd12's ghost
  3856 | D:3      | Reached skill level 2 in Fighting
  3980 | D:4      | Reached skill level 3 in Fighting
  4057 | D:4      | Reached skill level 4 in Fighting
  4057 | D:4      | Reached XP level 8. HP: 78/78 MP: 11/15
  4114 | D:4      | Found a staircase to the Ecumenical Temple.
  4161 | Temple   | Entered the Ecumenical Temple
  4175 | Temple   | Became a worshipper of Ashenzari the Shackled
  4251 | D:4      | Reached skill level 5 in Fighting
  4322 | D:4      | Reached skill level 6 in Fighting
  4839 | D:4      | Reached skill level 7 in Fighting
  5110 | D:5      | Entered Level 5 of the Dungeon
  5752 | D:5      | Found the +2 ratskin cloak {*Rats rPois rN+ Str-1 Int-1
                  | Dex+1}
  6160 | D:5      | Reached * piety under Ashenzari
  6259 | D:6      | Reached XP level 9. HP: 50/93 MP: 1/16
  6856 | D:6      | Learned a level 4 spell: Airstrike
  6859 | D:6      | Learned a level 2 spell: Swiftness
  6893 | D:6      | Reached skill level 1 in Air Magic
  7440 | D:7      | Found a shimmering altar of Xom.
  7441 | D:7      | Found a shimmering altar of Xom.
  7444 | D:7      | Found a shimmering altar of Xom.
  7444 | D:7      | Found a shimmering altar of Xom.
  7444 | D:7      | Found a shimmering altar of Xom.
  7444 | D:7      | Found a shimmering altar of Xom.
  7843 | D:7      | Noticed Maggie
  7858 | D:7      | Killed Maggie
  7858 | D:7      | Reached skill level 5 in Air Magic
  8174 | D:7      | Reached skill level 1 in Long Blades
  8583 | D:7      | Noticed a purple ugly thing
  8591 | D:7      | Reached XP level 10. HP: 82/102 MP: 14/17
  8697 | D:7      | Killed a purple ugly thing
  8901 | D:8      | Noticed a two-headed ogre
  8906 | D:8      | Killed a two-headed ogre
  9019 | D:8      | Found a shadowy altar of Dithmenos.
  9021 | D:8      | Reached ** piety under Ashenzari
  9118 | D:8      | Noticed a cyclops
  9135 | D:8      | Found a runed translucent door.
  9145 | D:8      | Killed a cyclops
  9767 | D:8      | Identified the ring of the Commoners {+Inv +Fly rC+ Int+5}
  9770 | D:8      | Noticed a cyclops
  9794 | D:8      | Killed a cyclops
 10085 | D:9      | Noticed Erolcha
 10091 | D:9      | Killed Erolcha
 10195 | D:9      | Noticed Erica
 10198 | D:9      | Noticed a two-headed ogre
 10206 | D:9      | Killed a two-headed ogre
 10206 | D:9      | Reached XP level 11. HP: 109/109 MP: 5/23
 10206 | D:9      | Killed Erica
 10228 | D:9      | Reached skill level 8 in Fighting
 10392 | D:9      | Noticed a two-headed ogre
 10410 | D:9      | Killed a two-headed ogre
 10490 | D:9      | Reached skill level 9 in Fighting
 11072 | D:10     | Entered Level 10 of the Dungeon
 11125 | D:10     | Reached skill level 1 in Evocations
 11173 | D:10     | Identified the +1 leather armour of Modesty {rN+ Str+3}
 11175 | D:10     | Reached *** piety under Ashenzari
 11600 | D:10     | Found a staircase to the Orcish Mines.
 11734 | D:10     | Learned a level 5 spell: Lightning Bolt
 11743 | Orc:1    | Entered Level 1 of the Orcish Mines
 11743 | Orc:1    | Noticed a two-headed ogre
 11748 | Orc:1    | Killed a two-headed ogre
 12043 | Orc:1    | Noticed an orc sorcerer
 12050 | Orc:1    | Killed an orc sorcerer
 12269 | Orc:2    | Entered Level 2 of the Orcish Mines
 12358 | Orc:2    | Noticed a two-headed ogre
 12363 | Orc:2    | Noticed an ogre mage
 12363 | Orc:2    | Noticed a cyclops
 12364 | Orc:2    | Noticed a two-headed ogre
 12365 | Orc:2    | Noticed a two-headed ogre
 12500 | Orc:2    | Found a staircase to the Elven Halls.
 12567 | Orc:2    | Noticed a deep troll
 12611 | Orc:2    | Killed a deep troll
 12613 | Orc:2    | Reached skill level 10 in Air Magic
 12613 | Orc:2    | Reached XP level 12. HP: 86/124 MP: 1/24
 12896 | Orc:2    | Noticed an ettin
 13075 | Orc:2    | Noticed a two-headed ogre
 13075 | Orc:2    | Noticed a two-headed ogre
 13075 | Orc:2    | Noticed a two-headed ogre
 13075 | Orc:2    | Noticed an ogre mage
 13100 | Orc:1    | Killed a two-headed ogre
 13263 | Orc:1    | Killed an ettin
 13360 | Orc:2    | Noticed a two-headed ogre
 13368 | Orc:2    | Killed a two-headed ogre
 13375 | Orc:2    | Killed an ogre mage
 13404 | Orc:2    | Killed a two-headed ogre
 13404 | Orc:2    | Reached skill level 5 in Evocations
 13415 | Orc:2    | Found Zaifoeri's Magic Scroll Shoppe.
 13437 | Orc:2    | Killed an ogre mage
 13620 | Orc:2    | Noticed a two-headed ogre
 13694 | Orc:2    | Killed a two-headed ogre
 13801 | Orc:2    | Found Ryistriemp's Assorted Antiques.
 13804 | Orc:2    | Bought a scroll of identify for 28 gold pieces
 13804 | Orc:2    | Bought a scroll of identify for 28 gold pieces
 13809 | Orc:2    | Found Weliatez's Magic Scroll Emporium.
 13810 | Orc:2    | Found Muroh's Magic Scroll Emporium.
 13817 | Orc:2    | Killed a two-headed ogre
 13834 | Orc:2    | Killed a two-headed ogre
 13851 | Orc:2    | Killed a two-headed ogre
 14011 | Orc:2    | Bought a scroll of identify for 70 gold pieces
 14011 | Orc:2    | Bought a scroll of identify for 70 gold pieces
 14011 | Orc:2    | Bought a scroll of identify for 70 gold pieces
 14346 | Orc:2    | Killed a two-headed ogre
 14487 | Orc:2    | Bought a scroll of magic mapping for 56 gold pieces
 14493 | Orc:2    | Bought a dented golden amulet for 175 gold pieces
 14511 | Orc:2    | Bought a scroll of remove curse for 48 gold pieces
 14581 | D:11     | Noticed a death yak
 14581 | D:11     | Noticed a death yak
 14585 | D:11     | Noticed a death yak
 14587 | D:11     | Found a staircase to the Lair.
 14590 | D:11     | Killed a death yak
 14612 | D:10     | Killed a death yak
 14612 | D:10     | Reached XP level 13. HP: 36/131 MP: 3/25
 15259 | D:11     | Reached **** piety under Ashenzari
 15277 | D:11     | Noticed Maurice
 15283 | D:11     | Killed Maurice
 15404 | D:11     | Reached skill level 10 in Fighting
 15930 | D:11     | Reached skill level 11 in Fighting
 16451 | D:11     | Reached skill level 12 in Fighting
 16759 | D:11     | Noticed hemabe71's ghost (journeyman HuAr)
 16762 | D:11     | Found a runed translucent door.
 16776 | D:11     | Killed hemabe71's ghost
 17209 | D:12     | Found a gate leading to a gauntlet.
 17226 | Gauntlet | Entered a Gauntlet
 17226 | Gauntlet | Found a transporter.
 17226 | Gauntlet | Found a transporter.
 17232 | Gauntlet | Found a transporter.
 17240 | Gauntlet | Found a transporter.
 17252 | Gauntlet | Found a transporter.
 17262 | Gauntlet | Found a transporter.
 17327 | Gauntlet | Got the uncursed hat "Lienemm" {Rampage Dex+5}
 17333 | Gauntlet | Identified the +0 hat "Lienemm" {Rampage Dex+5} (You found
                  | it in a Gauntlet)
 17477 | Gauntlet | Found a transporter.
 17522 | Gauntlet | Identified the +9 crystal plate armour of Fepuaqaoss
                  | {Dex+6}
 17522 | Gauntlet | Noticed a minotaur
 17591 | Gauntlet | Killed a minotaur
 17591 | Gauntlet | Reached skill level 10 in Spellcasting
 17643 | Gauntlet | Identified Sif Muna's Guide on Creative Translocation
 17823 | D:12     | Learned a level 4 spell: Passage of Golubria
 17963 | D:12     | Reached skill level 1 in Translocations
 18086 | D:12     | Reached ***** piety under Ashenzari
 18899 | D:13     | Noticed a fire dragon
 18909 | D:13     | Killed a fire dragon
 19418 | D:13     | Noticed a fire dragon
 19423 | D:13     | Reached XP level 14. HP: 140/150 MP: 9/28
 19425 | D:13     | Reached skill level 5 in Summonings
 19541 | D:13     | Found a gate to the Vaults.
 20678 | D:14     | Noticed Rupert
 20692 | D:14     | Killed Rupert
 20824 | D:14     | Found Higeg's Magic Scroll Shop.
 21094 | D:14     | Found a transporter.
 21274 | D:14     | Noticed Xonnam's ghost (adept KoGl)
 21286 | D:14     | Found a transporter.
 21288 | D:14     | Identified the +1 great mace "Vojety" {holy, Int+4}
 21288 | D:14     | Identified the +11 great mace of Light {flame, Dex+3}
 21307 | D:14     | Learned a level 7 spell: Malign Gateway
 21545 | D:14     | Found a shimmering blue altar of Sif Muna.
 22220 | D:15     | Entered Level 15 of the Dungeon
 23164 | D:15     | Found a staircase to the Depths.
 23226 | D:15     | Noticed Agnes
 23233 | D:15     | Killed Agnes
 23872 | D:15     | Learned a level 2 spell: Blink
 24543 | D:14     | Reached XP level 15. HP: 158/158 MP: 25/30
 24545 | D:14     | Reached skill level 5 in Translocations
 24550 | D:14     | Killed Xonnam's ghost
 24812 | Lair:1   | Entered Level 1 of the Lair of Beasts
 24932 | Lair:1   | Noticed Gastronok
 24940 | Lair:1   | Killed Gastronok
 24940 | Lair:1   | Reached skill level 1 in Maces & Flails
 26156 | Lair:2   | Reached ****** piety under Ashenzari
 26523 | Lair:2   | Found a staircase to the Swamp.
 27365 | Lair:2   | Identified the ring "Kakejoop" {rElec rF+ Stlth-}
 27799 | Lair:2   | Reached skill level 5 in Maces & Flails
 27958 | Lair:3   | Identified the ring of Fosusega {*Tele rElec rF+ rN+}
 28446 | Lair:3   | Found a staircase to the Snake Pit.
 30670 | Lair:5   | Found a frozen archway.
 30679 | IceCv    | Entered an ice cave
 31734 | IceCv    | Noticed a frost giant
 31745 | IceCv    | Killed a frost giant
 31766 | IceCv    | Identified the ring of Equilibrium {rElec rC+ MR+++ Str-2
                  | Stlth+}
 31805 | Lair:5   | Reached XP level 16. HP: 103/167 MP: 4/31
 31806 | Lair:5   | Paralysed by a floating eye for 2 turns
 32367 | Lair:5   | Reached skill level 5 in Dodging
 32908 | Lair:5   | Noticed Urug
 32923 | Lair:5   | Killed Urug
 33338 | Lair:6   | Entered Level 6 of the Lair of Beasts
 34225 | Lair:6   | Found a runed translucent door.
 34869 | Lair:6   | Reached skill level 13 in Fighting
 35271 | Lair:6   | Found a staircase to the Slime Pits.
 35523 | Snake:1  | Entered Level 1 of the Snake Pit
 36190 | Snake:1  | Killed from afar by a shock serpent

Illustrated notes

Levels and vault maps discovered:
D:1:      tarquinn_simple_flora_water_f, layout_loops_corners,
          serial_bayou_crossing
D:2:      layout_loops_ring, lemuel_doored_altar, uniq_crazy_yiuf_cottage,
          uniq_natasha, uniq_jessica, uniq_sigmund
D:3:      layout_basic, gammafunk_ghost_grave, st_stairs_2, uniq_ijyb,
          uniq_grinder
D:4:      minmay_bubble_buster, layout_cave_pools,
          minmay_temple_entry_butterflies
D:5:      wander_guarded_unrand_ratskin, layout_basic
D:6:      layout_loops_ring, kennysheep_generic_room_2
D:7:      minmay_chambers_of_fours, layout_loops_ring, xom_shifter_show,
          uniq_maggie
D:8:      minmay_the_grid_triangle_9x9_rhombus_thin
          [minmay_the_grid_triangle_9x9_negative_grid,
          minmay_the_grid_triangle_9x9_prize_top_heavy,
          minmay_the_grid_triangle_9x9_subtriangle,
          minmay_the_grid_triangle_9x9_windchime], layout_loops_ring,
          nicolae_dithmenos_through_a_glass_darkly
D:9:      layout_cave_pods, uniq_erica, uniq_erolcha
D:10:     layout_cave_pools, orc_0_dummy
D:11:     lemuel_slime, layout_loops_corners, dpeg_lair_monsters, serial_undead,
          serial_undead_a, serial_undead_c, serial_undead_f, serial_undead_a,
          hellmonk_ghost_happy_afterlife, uniq_maurice
D:12:     layout_basic, gauntlet_entry_generic, grunt_decor_arrowhead,
          kennysheep_generic_room_15
D:13:     cheibrodos_orc_bank, layout_loops_ring, david_vaults_4,
          minmay_crystal_room
D:14:     layout_cave_pools, gammafunk_ghost_smash, lemuel_tele_altar,
          serial_shops, shop, minmay_misc_feat_chi, uniq_rupert
D:15:     hangedman_depths_entry_try_elsewhere_first, layout_loops_cross,
          minmay_misc_feat_cross, nicolae_benzene_ring,
          chequers_serial_rivers_room_b, chequers_big_river, uniq_agnes
Temple:   compressed_dpeg_circular_temple
Lair:1:   layout_gridlike, infiniplex_staircase_pool_2, lemuel_fruit_tree,
          uniq_gastronok
Lair:2:   wad_woods_minihive, layout_gridlike, minmay_swamp_entry_worms,
          nicolae_lair_grove_arrangements, lemuel_fruit_fields
Lair:3:   dragon1_lemuel, layout_cave_pods, dummy_snake_entry,
          chequers_serial_rivers_micro_b
Lair:4:   layout_roguey
Lair:5:   layout_loops_ring, portal_ice_cave_entry_pillars_1, disabler_island,
          uniq_urug
Lair:6:   wormcave, layout_cave_pods, minmay_slime_entry_oklob_enclosed,
          minmay_lair_oklob_bushes, chequers_serial_rivers_micro_b
Snake:1:  layout_misc_corridors, basic_altar
Orc:1:    layout_caves
Orc:2:    st_orc_open, layout_caves

Skill      XL: |  1  2  3  4  5  6  7  8  9 10 11 12 13 14 15 16 |
---------------+-------------------------------------------------+-----
Ice Magic      | 4 5 6 7 8 9 |  9.0
Spellcasting   | 4 5 8 10 11 | 11.7
Summonings     | 1 2 4 9 |  9.2
Fighting       | 4 7 9 12 13 | 13.9
Air Magic      | 6 8 10 | 10.0
Long Blades    | 1 |  1.1
Evocations     | 3 8 9 |  9.1
Conjurations   | 3 |  3.8
Dodging        | 4 7 |  7.9
Translocations | 2 4 6 |  6.1
Maces & Flails | 9 |  9.9
Stealth        | |  1.4

Action                   |  1- 3 |  4- 6 |  7- 9 | 10-12 | 13-15 | 16-18 || total
-------------------------+-------+-------+-------+-------+-------+-------++-------
Melee: Unarmed           |    14 |       |       |       |       |       ||    14
       Short sword       |    40 |    11 |       |       |       |       ||    51
       Quarterstaff      |       |    24 |   283 |   229 |   336 |       ||   872
       Great mace        |       |       |       |       |   271 |   149 ||   420
Throw: Large rock        |       |       |       |       |     2 |       ||     2
 Cast: Freeze            |    17 |     4 |       |       |     4 |       ||    25
       Frozen Ramparts   |     1 |    12 |    31 |    40 |    79 |     9 ||   172
       Summon Ice Beast  |       |     1 |    14 |    61 |    49 |     2 ||   127
       Airstrike         |       |       |       |    30 |   182 |    49 ||   261
       Ozocubu's Armour  |       |       |       |     2 |       |       ||     2
       Lightning Bolt    |       |       |       |       |    10 |     3 ||    13
       Malign Gateway    |       |       |       |       |    10 |     5 ||    15
Invok: Curse Item        |       |       |     1 |     5 |     3 |       ||     9
 Abil: Evoke Invisibilit |       |       |       |       |     1 |       ||     1
Evoke: Wand              |       |       |       |       |     6 |       ||     6
       Condenser vane    |       |       |       |       |     2 |       ||     2
  Use: Scroll            |       |       |     8 |    12 |     8 |     3 ||    31
       Potion            |       |       |       |     2 |     1 |     1 ||     4
 Stab: Sleeping          |     2 |     1 |     5 |     2 |    12 |     2 ||    24
       Distracted        |       |       |     1 |     2 |       |     2 ||     5
       Petrified         |       |       |     7 |       |     1 |       ||     8
       Petrifying        |       |       |     1 |       |     2 |       ||     3
       Paralysed         |       |       |       |     2 |     4 |       ||     6
       Confused          |       |       |       |     2 |       |       ||     2
       Invisible         |       |       |       |       |     1 |       ||     1
Armor: Robe              |    24 |     8 |    58 |    57 |   158 |    19 ||   324
       Steam dragon scal |       |       |    27 |     3 |       |       ||    30
       Skin              |       |       |       |    19 |       |       ||    19
Dodge: Dodged            |    25 |    16 |   172 |   235 |   620 |   114 ||  1182
Block: Other             |       |       |       |       |   194 |    31 ||   225
       Reflection        |       |       |       |       |     5 |     1 ||     6

Table legend: (Time is in decaauts)
 A = Elapsed time spent in this place.
 B = Non-inter-level travel time spent in this place.
 C = Inter-level travel time spent in this place.
 D = Time resting spent in this place.
 E = Time spent auto-exploring this place.
 F = Levels seen in this place.
 G = Mean time per level.
                   A        B        C        D        E       F      G
               +--------+--------+--------+--------+--------+-----+--------+
         Total |  36543 |  35450 |   1093 |   6702 |  22600 |  27 | 1353.4 |
       Dungeon |  21816 |  20975 |    841 |   2763 |  14639 |  15 | 1454.4 |
        Temple |     25 |     25 |      0 |      0 |      0 |   1 |   25.0 |
          Lair |  10039 |   9832 |    207 |   2389 |   6154 |   6 | 1673.2 |
     Snake Pit |    273 |    273 |      0 |      5 |    203 |   1 |  273.0 |
  Orcish Mines |   2835 |   2791 |     44 |   1069 |   1011 |   2 | 1417.5 |
      Ice Cave |   1124 |   1124 |      0 |    294 |    591 |   1 | 1124.0 |
      Gauntlet |    427 |    427 |      0 |    182 |      0 |   1 |  427.0 |
               +--------+--------+--------+--------+--------+-----+--------+

Top non-repeatable levels by time:
  Lair:6: 2157 daAuts
    D:15: 2097 daAuts
    D:11: 2012 daAuts
  Lair:3: 1993 daAuts
    D:13: 1922 daAuts
    D:14: 1902 daAuts
  Lair:2: 1817 daAuts
  Lair:5: 1575 daAuts
   Orc:1: 1557 daAuts
     D:3: 1478 daAuts
     D:7: 1474 daAuts
    D:12: 1405 daAuts
  Lair:1: 1359 daAuts
    D:10: 1285 daAuts
   Orc:2: 1278 daAuts
